 Dungeon Crawl Stone Soup version 0.28-a0-265-g048bc9fd10 (webtiles) character file.

Game seed: 15494893678571194062

23 senseless the Conjurer (level 2, -8/20 HPs)
             Began as a Demigod Conjurer on Aug 27, 2021.
             Killed from afar by Sigmund (11 damage)
             ... with a puff of flame
             ... on level 2 of the Dungeon.
             The game lasted 00:03:10 (1666 turns).

senseless the Conjurer (Demigod Conjurer)           Turns: 1666, Time: 00:03:10

Health: -8/20      AC:  2    Str:  8    XL:     2   Next: 54%
Magic:  5/7        EV: 12    Int: 20    God:
Gold:   37         SH:  0    Dex: 12    Spells: 2/5 levels left

rFire   . . .      SeeInvis .   c - +0 dagger (speed)
rCold   . . .      Faith    .   (no shield)
rNeg    . . .      Spirit   .   a - +0 robe
rPois   .          Reflect  .   (no helmet)
rElec   .          Harm     .   (no cloak)
rCorr   .          Rampage  .   (no gloves)
Will    .....                   (no boots)
Stlth   ++........              (no amulet)
HPRegen 0.06/turn               (no ring)
MPRegen 0.10/turn               (no ring)

@: no status effects
A: high mp 1, forlorn
a: no special abilities


You were on level 2 of the Dungeon.
You visited 1 branch of the dungeon, and saw 2 of its levels.

You collected 37 gold pieces.

Inventory:

Hand Weapons
 c - a +0 dagger of speed (weapon)
Armour
 a - a +0 robe (worn)
Scrolls
 e - a scroll of identify {unknown}
 f - a scroll of immolation {unknown}
Potions
 b - a potion of lignification {unknown}
 d - a potion of flight {unknown}
 g - a potion of degeneration {unknown}
 h - a potion of heal wounds {unknown}


   Skills:
 + Level 1.8 Dodging
 + Level 1.9 Stealth
 + Level 2.0 Spellcasting
 + Level 4.2 Conjurations


You had 2 spell levels left.
You knew the following spells:

 Your Spells              Type           Power      Damage    Failure   Level
a - Magic Dart            Conj           72%        1d6       2%          1
b - Searing Ray           Conj           36%        3d4       4%          2

Your spell library contained the following spells:

 Spells                   Type           Power      Damage    Failure   Level
 Ensorcelled Hibernation  Hex/Ice        4%         N/A       24%         2
 Sublimation of Blood     Necr           1%         N/A       24%         2
 Wereblood                Tmut           2%         N/A       24%         2
 Dazzling Flash           Conj/Hex       20%        N/A       21%         3
 Spider Form              Tmut/Pois      1%         N/A       43%         3
 Fulminant Prism          Conj/Hex       5%         3d7       54%         4
 Iskenderun's Mystic Bla  Conj/Tloc      10%        2d4       54%         4
 Shadow Creatures         Summ           N/A        N/A       100%        6
 Summon Hydra             Summ           1%         N/A       100%        7


Dungeon Overview and Level Annotations

Branches:
Dungeon (2/15)

Annotations:
D:2 Sigmund


Innate Abilities, Weirdness & Mutations

Your attributes grow dramatically as you level up.
You have an increased reservoir of magic. (+10% MP)
You shall have no god before yourself.


Message History

A kobold comes into view. It is wielding a +0 whip.
You miscast Magic Dart.
You are very lightly contaminated with residual magic.
Nothing appears to happen.
The magic dart hits the kobold.
The kobold is severely wounded.
The magic dart hits the kobold.
You kill the kobold!
Your magical contamination has completely faded away.
You pick up a book of Dreams and begin reading...
You add the spells Ensorcelled Hibernation, Spider Form and Shadow Creatures to your library.
Okay, then.
Found a stone staircase leading down.
Found a whip.
There is a stone staircase leading down here.
Found a stone staircase leading down.
h - a cyan potion Sigmund the Dreaded comes into view.
He is wielding a +8 scythe of protection.
Okay, then.
The magic dart hits Sigmund but does no damage.
Sigmund shouts!
The magic dart hits Sigmund.
Sigmund is lightly wounded.
The magic dart hits Sigmund but does no damage.
Sigmund is lightly wounded.
Sigmund points at you and mumbles some strange words.
You are confused.
You're too confused to cast spells.
Sigmund gestures at you while chanting. The puff of flame hits you!
Ouch! That really hurt!
You're too confused to move!
Sigmund hits you from afar with a +8 scythe of protection.
* * * LOW HITPOINT WARNING * * *
Sigmund barely misses you.
You feel less confused. Sigmund casts a spell at you.
The puff of flame hits you!
Ouch! That really hurt!
You die...

##########
...>.....#
#......# #
#....).##
...#####.......##
#.........@....#
######.@.##..##..#
#....#.###..## #.#
.### #......##.>##
..# ....##
#....####.## ...
#...###)........#
##.
#.........#####
##..#....## #
##.......# #
###..##.....#


You could see Sigmund.

Vanquished Creatures
  5 bats (D:1)
  2 endoplasms
  2 giant cockroaches (D:1)
  A goblin (D:1)
  3 hobgoblins
  A kobold (D:2)
  A quokka (D:1)
  2 ball pythons
  3 frilled lizards (D:1)
  A rat (D:1)
21 creatures vanquished.

Notes
Turn   | Place    | Note
-------+----------+-------------------------------------------
     0 | D:1      | senseless the Demigod Conjurer began the quest for the Orb.
     0 | D:1      | Reached XP level 1. HP: 14/14 MP: 5/5
   473 | D:1      | Reached XP level 2. HP: 19/20 MP: 2/7
   544 | D:1      | Reached skill level 4 in Conjurations
   610 | D:1      | Learned a level 2 spell: Searing Ray
  1651 | D:2      | Noticed Sigmund
  1666 | D:2      | Killed from afar by Sigmund

Illustrated notes

Levels and vault maps discovered:
D:1:      wander_arrival_chamber, layout_basic, serial_forest,
          infiniplex_forest_straight_2, infiniplex_forest_straight_1,
          infiniplex_forest_end_2, infiniplex_forest_corner_2,
          infiniplex_forest_straight_1, infiniplex_forest_end_1,
          infiniplex_forest_straight_3, infiniplex_forest_end_1,
          infiniplex_forest_clump_double
D:2:      layout_rooms, serial_curves, eino_curves_01, eino_curves_02,
          eino_curves_04, eino_curves_02, uniq_sigmund

Skill      XL: |  1  2 |
---------------+-------+-----
Spellcasting   | 2 |  2.0
Conjurations   | 4 |  4.2
Dodging        | |  1.8
Stealth        | |  1.9

Action                   || total
-------------------------++-------
Melee: Dagger            ||    22
 Cast: Magic Dart        ||    44
Armor: Robe              ||     1
Dodge: Dodged            ||    15

Table legend: (Time is in decaauts)
 A = Elapsed time spent in this place.
 B = Non-inter-level travel time spent in this place.
 C = Inter-level travel time spent in this place.
 D = Time resting spent in this place.
 E = Time spent auto-exploring this place.
 F = Levels seen in this place.
 G = Mean time per level.
                   A        B        C        D        E       F      G
               +--------+--------+--------+--------+--------+-----+--------+
         Total |   1657 |   1593 |     64 |      0 |   1464 |   2 |  828.5 |
       Dungeon |   1657 |   1593 |     64 |      0 |   1464 |   2 |  828.5 |
               +--------+--------+--------+--------+--------+-----+--------+

Top non-repeatable levels by time:
     D:1: 1507 daAuts
     D:2: 150 daAuts
